 Dungeon Crawl Stone Soup version 0.29-a0-234-g0dae59b3db (webtiles) character file.

Game seed: 17389913413044949592

150 testman the Sneak (level 5, 0/30 HPs)
             Began as a Vampire Enchanter on Mar 3, 2022.
             Slain by Natasha (7 damage)
             ... on level 2 of the Dungeon.
             The game lasted 00:10:43 (2881 turns).

testman the Sneak (Vampire Enchanter)               Turns: 2881, Time: 00:10:43

Health: 0/30       AC:  4    Str:  7    XL:     5   Next: 10%
Magic:  1/8        EV: 12    Int: 18    God:
Gold:   52         SH:  5    Dex: 16    Spells: 0/8 levels left

rFire   . . .      SeeInvis +   a - +1 dagger
rCold   + + .      Faith    .   (no shield)
rNeg    + + +      Spirit   .   r - +2 robe
rPois   ∞          Reflect  +   (no helmet)
rElec   .          Harm     .   (no cloak)
rCorr   .          Rampage  .   (no gloves)
Will    .....                   (no boots)
Stlth   +++++.....              n - amulet of reflection
HPRegen 0.00/turn               l - ring of wizardry
MPRegen 0.11/turn               (no ring)

@: bloodless, inhibited regen
A: bloodless, fangs 3, see invisible, vampiric 2
a: Bat Form, Revivify


You were on level 2 of the Dungeon.
You visited 1 branch of the dungeon, and saw 2 of its levels.

You collected 52 gold pieces.

Inventory:

Hand Weapons
 a - a +1 dagger (weapon)
Missiles
 f - 20 stones (quivered)
Armour
 r - a +2 robe (worn)
Jewellery
 l - a ring of wizardry (left hand)
 n - an amulet of reflection (around neck)
Wands
 q - a wand of flame (15)
Scrolls
 g - a scroll of brand weapon {unknown}
 j - a scroll of summoning {unknown}
 k - 2 scrolls of teleportation {unknown}
 m - a scroll of vulnerability {unknown}
 o - 2 scrolls of identify {unknown}
 p - a scroll of enchant armour {unknown}
Potions
 c - 2 potions of invisibility
 d - a potion of berserk rage {unknown}
 e - a potion of flight {unknown}
 h - a potion of curing {unknown}
 i - a potion of heal wounds {unknown}


   Skills:
 + Level 1.9 Fighting
 + Level 2.8 Short Blades
 - Level 2.1 Dodging
 + Level 6.0 Stealth
 + Level 2.0 Spellcasting
 + Level 4.4 Hexes
 - Level 2.0 Ice Magic


You couldn't memorise any spells.
You knew the following spells:

 Your Spells              Type           Power      Damage    Failure   Level
a - Ensorcelled Hibernat  Hex/Ice        26%        N/A       3%          2
b - Confusing Touch       Hex            17%        N/A       3%          3
c - Tukima's Dance        Hex            17%        N/A       3%          3

Your spell library contained the following spells:

 Spells                   Type           Power      Damage    Failure   Level
 Magic Dart               Conj           4%         1d3       8%          1
 Dazzling Flash           Conj/Hex       18%        N/A       9%          3
 Blink                    Tloc           2%         N/A       11%         2
 Lesser Beckoning         Tloc           1%         N/A       21%         3
 Hailstorm                Conj/Ice       5%         3d4       41%         4
 Lightning Bolt           Conj/Air       0%         1d11      86%         5
 Manifold Assault         Tloc           1%         N/A       86%         5


Dungeon Overview and Level Annotations

Branches:
Dungeon (2/15)

Altars:

Annotations:
D:2 Natasha


Innate Abilities, Weirdness & Mutations

You do not regenerate when monsters are visible.
You are frail without blood (-20% HP).
You can heal yourself when you bite living creatures.
You are immune to poison.
You have razor-sharp teeth.
You have supernaturally acute eyesight. (SInv)
You are afflicted with vampirism and can become a bat while bloodless.


Message History

Casting: Ensorcelled Hibernation (safe; 3% risk of failure)
Confirm with . or Enter, or press ? or * to list all spells.
Aiming: Ensorcelled Hibernation (safe; 3% risk of failure)
Press: ? - help, Shift-Dir - straight line, f/p - Natasha
Aim: Natasha (chance to affect: 47%) Natasha resists with some effort.
Natasha claws you.
Casting: Ensorcelled Hibernation (safe; 3% risk of failure)
Confirm with . or Enter, or press ? or * to list all spells.
Aiming: Ensorcelled Hibernation (safe; 3% risk of failure)
Press: ? - help, Shift-Dir - straight line, f/p - Natasha
Aim: Natasha (chance to affect: 47%) Natasha resists with some effort.
Natasha completely misses you.
You are too injured to fight recklessly!
You are too injured to fight recklessly!
You are too injured to fight recklessly!
You barely miss Natasha. Natasha claws you.
You hit Natasha. You bite Natasha.
You draw Natasha's blood!
You feel better.
Natasha is severely wounded.
Natasha closely misses you.
You hit Natasha.
Natasha is severely wounded.
Natasha stares at you and mumbles some strange words.
You resist with some effort.
You hit Natasha but do no damage.
Natasha is severely wounded.
Natasha stares at you and mumbles some strange words.
The magic dart hits you!
* * * LOW HITPOINT WARNING * * *
You barely miss Natasha.
Natasha is severely wounded.
You closely miss Natasha.
Natasha is severely wounded.
Natasha stares at you and mumbles some strange words.
The magic dart hits you.
* * * LOW HITPOINT WARNING * * *
You closely miss Natasha.
Natasha is severely wounded.
Natasha extends her claws.
Natasha claws you!
You die...

...###.# #..##.#......w.
##...#.# #..##.######.###
.###...# #..##.####^....##
...##.## #..##..##..^....##
#..#..# #....#.#^..>....^#
..##.## ###.##..#.....^....
..#..# #......#h...^......
###.## ###.#.#..#..........#
.#..# #...@.....#...^.....#
...##########.#<#h#.####...^...#
##.##.......<...>.....###.....##
.#.##.#######.#.#####.####...##
.#.##.# #.#.# #......### #..##.#
#.#.# ######## ##.##.# #.#.#
##...# #.#.# ##.#### #.#.#


You could see Natasha.

Vanquished Creatures
  Jessica (D:2)
  Natasha (D:2)
  5 adders (D:2)
  4 worms (D:2)
  4 bats
  5 endoplasms
  A giant cockroach (D:2)
  5 hobgoblins
  6 kobolds
  2 quokkas (D:2)
  3 ball pythons
  5 frilled lizards
  3 goblins (D:2)
  A rat (D:2)
46 creatures vanquished.

Notes
Turn   | Place    | Note
-------+----------+-------------------------------------------
     0 | D:1      | testman the Vampire Enchanter began the quest for the Orb.
     0 | D:1      | Reached XP level 1. HP: 13/13 MP: 3/3
   192 | D:1      | Reached XP level 2. HP: 16/16 MP: 5/5
   262 | D:1      | Got the Disquisition on Attacks
   501 | D:1      | Found a faded altar of an unknown god.
  1018 | D:2      | Reached skill level 1 in Fighting
  1018 | D:2      | Reached skill level 5 in Stealth
  1018 | D:2      | Reached skill level 1 in Ice Magic
  1021 | D:2      | Learned a level 2 spell: Ensorcelled Hibernation
  1311 | D:2      | Gained mutation: You are afflicted with vampirism and can
                  | become a bat while bloodless. [Vampire growth]
  1311 | D:2      | Reached XP level 3. HP: 20/20 MP: 6/6
  1781 | D:2      | Reached XP level 4. HP: 25/25 MP: 7/7
  2473 | D:2      | Noticed Jessica
  2477 | D:2      | Killed Jessica
  2555 | D:2      | Noticed Natasha
  2560 | D:2      | Killed Natasha
  2561 | D:2      | Reached skill level 6 in Stealth
  2561 | D:2      | Reached XP level 5. HP: 30/30 MP: 8/8
  2565 | D:2      | Learned a level 3 spell: Confusing Touch
  2569 | D:2      | Learned a level 3 spell: Tukima's Dance
  2703 | D:2      | Noticed Natasha
  2881 | D:2      | Slain by Natasha

Illustrated notes

Levels and vault maps discovered:
D:1:      elethiomel_arrival_quiet, layout_loops_corners,
          dreamdust_ecumenical_altar_hidden_monk_grotto
D:2:      minmay_skewed_foursquare, layout_loops_ring, nicolae_wormholes,
          uniq_jessica, uniq_natasha

Skill      XL: |  1  2  3  4 |
---------------+-------------+-----
Fighting       | 1 |  1.9
Stealth        | 5 6 |  6.0
Ice Magic      | 1 2 |  2.0
Short Blades   | 2 |  2.8
Dodging        | |  2.1
Spellcasting   | |  2.0
Hexes          | |  4.4

Action                   |  1- 3 |  4- 6 || total
-------------------------+-------+-------++-------
Melee: Dagger            |    85 |    57 ||   142
       Bite              |    10 |     5 ||    15
       Punch             |     1 |     1 ||     2
 Cast: Ensorcelled Hiber |       |     8 ||     8
 Abil: Exsanguinate      |     1 |       ||     1
 Stab: Sleeping          |    19 |     6 ||    25
Armor: Robe              |    14 |     9 ||    23
Dodge: Dodged            |    47 |    17 ||    64
Block: Other             |     2 |     7 ||     9

Table legend: (Time is in decaauts)
 A = Elapsed time spent in this place.
 B = Non-inter-level travel time spent in this place.
 C = Inter-level travel time spent in this place.
 D = Time resting spent in this place.
 E = Time spent auto-exploring this place.
 F = Levels seen in this place.
 G = Mean time per level.
                   A        B        C        D        E       F      G
               +--------+--------+--------+--------+--------+-----+--------+
         Total |   2867 |   2797 |     70 |    924 |   1364 |   2 | 1433.5 |
       Dungeon |   2867 |   2797 |     70 |    924 |   1364 |   2 | 1433.5 |
               +--------+--------+--------+--------+--------+-----+--------+

Top non-repeatable levels by time:
     D:2: 1725 daAuts
     D:1: 1141 daAuts
